 Dungeon Crawl Stone Soup version bcrawl-1.19.1 (webtiles) character file.

Game seed: 1459404474367850399

114 Raine357 the Sneak (level 4, 0/38 HPs)
             Began as a Draconian Archaeologist on Jan 19, 2020.
             Was a Plaything of Xom.
             Killed by divine providence
             ... invoked by an orc priest
              (13 damage)
             ... on level 4 of the Dungeon on Jan 20, 2020.
             The game lasted 00:19:20 (3439 turns).

Raine357 the Sneak (Draconian Archaeologist)        Turns: 3439, Time: 00:19:23

Health: 0/38       AC: 10    Str: 13    XL:     4   Next: 66%
Magic:  4/4        EV: 12    Int: 16    God:    Xom [..*...]
Gold:   178        SH:  0    Dex:  9    Spells: 3/3 levels left

rFire    . . .     SeeInvis +   b - +0 flail
rCold    . . .     Gourm    .   (no shield)
rNeg     . . .     Faith    .   (armour unavailable)
rPois    .         Spirit   .   s - +2 hat
rElec    .         Reflect  .   (no cloak)
rCorr    .         Harm     .   (no gloves)
MR       .....                  c - +2 pair of boots
Stlth    ++........             (no amulet)
HPRegen  0.12/turn              w - ring of see invisible
MPRegen  0.09/turn              (no ring)

@: studying Bows
A: unfitting armour, cold-blooded, AC +5
a: Renounce Religion


You were on level 4 of the Dungeon.
You worshipped Xom.
You were a toy of Xom.
You were not hungry.

You visited 1 branch of the dungeon, and saw 4 of its levels.

You collected 178 gold pieces.

Inventory:

Hand Weapons
 a - a +0 whip
 b - a +0 flail (weapon)
   (You took it off an orc on level 3 of the Dungeon)
Missiles
 g - 204 sling bullets
 i - 439 bolts
 j - 690 stones (quivered)
Armour
 c - a +2 pair of boots (worn)
 s - a +2 hat (worn)
Jewellery
 w - a ring of see invisible (left hand)
   (You found it on level 3 of the Dungeon)
Scrolls
 h - 6 scrolls of remove curse {unknown}
 k - a scroll of fog {unknown}
 m - a scroll of enchant armour
 q - a scroll of teleportation {unknown}
 r - a scroll of amnesia {unknown}
Potions
 l - 2 potions of lignification
 n - 3 potions of heal wounds
 o - 2 potions of curing
 t - a potion of agility {unknown}
 u - a potion of flight {unknown}
 v - a potion of might {unknown}
Books
 d - a manual of Bows
Miscellaneous
 e - an ancient crate
Comestibles
 f - 3 rations {!d}


   Skills:
 - Level 3.0 Fighting
 + Level 2.9 Maces & Flails
 + Level 2.8 Bows
 - Level 2.6 Dodging
 - Level 3.0 Stealth


You had 3 spell levels left.
You didn't know any spells.
Your spell library was empty.

Dungeon Overview and Level Annotations

Branches:
Dungeon (4/12)
 Temple: D:4-7

Altars:
Uskayaw
Xom

Annotations:
D:3 Grinder


Innate Abilities, Weirdness & Mutations

Your plain brown scales are hard. (AC +5)
You cannot fit into any form of body armour.
You are cold-blooded and may be slowed by cold attacks.


Message History

You sock the worm!
The worm is almost dead.
The worm bites you.
You take 6 damage.
You sock the worm!
You kill the worm!
You have reached level 4!
You feel clever.
Xom grants you an implement of some kind.
Something appears at your feet!
m - 3 scrolls labeled SODWAQ RABOUNA (gained 1)
As you read the scroll labeled SODWAQ RABOUNA, it crumbles to dust.
It is a scroll of enchant armour.
Your +1 pair of boots glows green for a moment.
Saving game... please wait.
Welcome back, Raine357 the Draconian Archaeologist.
Xom titters.
Press ? for a list of commands and other information.
You swing at nothing.
You are a level 4 Draconian Archaeologist.
You are 3% of the way to level 5.
Play time: 00:13:37 (2357 turns)
You are studying Bows.
Your movement speed is average.
Your attack speed is below average.
Inscribe which item? (? for menu, Esc to quit)
Okay, then.
All of the chunks of flesh in your inventory have rotted away.
You start resting.
HP restored.
You start resting.
HP restored.
Unknown command.
Number of times to repeat, then command key: You must enter the number of times for the command to repeat.
A kobold comes into view.
The helpless kobold fails to defend itself.
You hit the kobold.
The kobold is heavily wounded.
The kobold closely misses you.
You miss the kobold.
The kobold is heavily wounded.
The kobold barely misses you.
You closely miss the kobold.
The kobold is heavily wounded.
The kobold barely misses you. The kobold hits you but does no damage.
You hit the kobold.
The kobold is severely wounded.
The kobold barely misses you.
You closely miss the kobold.
The kobold is severely wounded.
The kobold hits you but does no damage.
You closely miss the kobold.
The kobold is severely wounded.
The kobold misses you. The kobold barely misses you.
You closely miss the kobold.
The kobold is severely wounded.
The kobold hits you but does no damage.
You thump the kobold!
You kill the kobold!
j - 352 stones (gained 1)
h - 5 scrolls labeled XOAMET NUGOE (gained 1)
You now have 116 gold pieces (gained 26).
A giant cockroach comes into view.
A giant cockroach is nearby!
The helpless giant cockroach fails to defend itself.
You sock the giant cockroach!
You kill the giant cockroach!
Your Bows skill increases to level 2!
You now have 134 gold pieces (gained 18).
h - 6 scrolls labeled XOAMET NUGOE (gained 1)
Found a ring mail.
You see here a ring mail.
An adder comes into view.
Quiver which item? (- for none, * to show all) (? for menu, Esc to quit)
Okay, then.
The adder hisses angrily.
The adder misses you. The adder bites you but does no damage.
You closely miss the adder. The adder barely misses you.
You closely miss the adder. The adder closely misses you. The adder misses you.
You miss the adder. You tail-slap the adder.
The adder is heavily wounded.
The adder bites you. The adder closely misses you.
You take 1 damage.
You hit the adder.
The adder is almost dead.
The adder closely misses you.
You barely miss the adder.
The adder is almost dead.
The adder closely misses you. The adder misses you.
You barely miss the adder.
The adder is almost dead.
The adder barely misses you. The adder closely misses you.
You hit the adder.
You kill the adder!
A jackal comes into view.
The jackal barks!
A jackal comes into view.
You hit the jackal.
The jackal is moderately wounded.
The jackal bites you but does no damage.
You closely miss the jackal. You tail-slap the jackal.
The jackal is heavily wounded.
The jackal bites you but does no damage.
You sock the jackal!
You kill the jackal!
You barely miss the jackal.
The jackal is moderately wounded.
The jackal closely misses you.
A rat comes into view.
The jackal bites you but does no damage.
You hit the jackal but do no damage.
The jackal is moderately wounded.
The jackal bites you but does no damage.
The jackal barely misses you.
You hit the jackal.
You kill the jackal!
You barely miss the rat. The rat barely misses you.
You hit the rat.
The rat is moderately wounded.
The rat bites you but does no damage. x2
You closely miss the rat.
You tail-slap the rat, but do no damage.
The rat is moderately wounded.
The rat bites you but does no damage.
You closely miss the rat.
The rat is moderately wounded.
The rat bites you but does no damage.
You closely miss the rat.
The rat is moderately wounded.
The rat misses you. The rat bites you but does no damage.
You hit the rat.
You kill the rat!
Found a robe.
You see here a rat corpse.
You swing at nothing.
You swing at nothing.
You swing at nothing.
You butcher the rat corpse.
p - a chunk of flesh You see here a rat skeleton. x2
v - an amethyst potion A ball python comes into view.
A ball python is nearby!
The ball python hisses angrily.
An orc comes into view.
Found a ration.
The ball python bites you. The ball python misses you.
You take 2 damage.
You barely miss the ball python.
The ball python bites you but does no damage.
The ball python closely misses you.
You hit the ball python.
You kill the ball python!
The orc closely misses you.
You barely miss the orc. The orc barely misses you.
You sock the orc!
You kill the orc!
Things that are here:
an orc corpse; a ball python corpse 2 orcs come into view.
Found a silver ring.
Things that are here:
an orc corpse; a ball python corpse You butcher the orc corpse.
p - 4 chunks of flesh (gained 3)
Things that are here:
an orc skeleton; a ball python corpse A bat, a worm and 2 orcs come into view.
The orc shouts! x3
Found a hunting sling.
You barely miss the bat. The bat closely misses you.
The bat closely misses you. The bat barely misses you.
You see here a ration {!d}.
You see here a silver ring.
w - a silver ring The orc closely misses you.
You barely miss the orc. The orc hits you with a +0 short sword.
You take 3 damage.
You closely miss the orc. The orc hits you but does no damage.
You hit the orc.
The orc is severely wounded.
The orc hits you but does no damage. x2
You hit the orc.
You kill the orc!
You hit the orc.
The orc is heavily wounded.
The orc hits you with a +0 war axe.
You take 4 damage.
You closely miss the orc.
The orc is heavily wounded.
The orc barely misses you.
You barely miss the orc.
Your tail-slap misses the orc.
The orc is heavily wounded.
The orc hits you but does no damage.
You closely miss the orc.
The orc is heavily wounded.
The orc barely misses you. The orc hits you with a +0 war axe.
You hit the orc but do no damage.
The orc is heavily wounded.
The orc closely misses you.
You barely miss the orc.
The orc is heavily wounded.
The orc misses you.
You hit the orc but do no damage. You tail-slap the orc.
The orc is severely wounded.
The orc misses you.
You hit the orc but do no damage.
Your tail-slap misses the orc.
The orc is severely wounded.
The orc barely misses you.
You closely miss the orc.
The orc is severely wounded.
The orc barely misses you.
You closely miss the orc.
The orc is severely wounded.
The orc hits you with a +0 war axe.
You take 6 damage.
You completely miss the orc.
Your tail-slap misses the orc.
The orc is severely wounded.
The orc closely misses you.
You hit the orc but do no damage. You tail-slap the orc.
You kill the orc!
Put on which piece of jewellery? (? for menu, Esc to quit)
w - a ring of see invisible (left hand)
The orc barely misses you.
You hit the orc.
The orc is severely wounded.
The orc closely misses you.
You barely miss the orc.
Your tail-slap misses the orc.
The orc is severely wounded.
The orc barely misses you.
You hit the orc.
You kill the orc!
The bat hits you but does no damage. The bat closely misses you.
You hit the bat.
You kill the bat!
You barely miss the worm. The worm barely misses you.
You hit the worm.
The worm is lightly wounded.
You hit the worm but do no damage.
The worm is lightly wounded.
The worm bites you but does no damage.
You hit the worm.
The worm is moderately wounded.
The worm bites you!
You take 11 damage.
You hit the worm but do no damage.
The worm is moderately wounded.
You sock the worm!
The worm is almost dead.
The worm barely misses you.
You hit the worm.
You kill the worm!
You hit the orc.
The orc is lightly wounded.
The orc hits you but does no damage.
You barely miss the orc.
The orc is lightly wounded.
The orc hits you but does no damage.
You hit the orc but do no damage.
The orc is lightly wounded.
The orc hits you but does no damage. The orc closely misses you.
You sock the orc!
You kill the orc!
Items here: )) [[[ ††† You butcher the orc corpse.
p - 6 chunks of flesh (gained 2)
Items here: )) [[[ ÷ †† You butcher the worm corpse.
p - 9 chunks of flesh (gained 3)
Items here: )) [[[ ÷ † You butcher the orc corpse.
p - 13 chunks of flesh (gained 4)
Items here: )) [[[ ÷÷ There isn't anything to butcher here.
Okay, then.
Grinder comes into view.
An adder comes into view.
The adder hisses angrily.
The adder barely misses you.
You barely miss the adder.
The adder bites you but does no damage. x2
You miss the adder. The adder bites you but does no damage.
You hit the adder.
Your tail-slap misses the adder.
The adder is lightly wounded.
The adder barely misses you. The adder bites you.
You take 5 damage.
You miss the adder.
The adder is lightly wounded.
The adder bites you but does no damage. x2
You closely miss the adder.
The adder is lightly wounded.
The adder barely misses you.
You closely miss the adder.
The adder is lightly wounded.
The adder bites you. The adder closely misses you.
You take 1 damage.
You barely miss the adder.
The adder is lightly wounded.
The adder bites you but does no damage. x2
You closely miss the adder.
The adder is lightly wounded.
The adder bites you but does no damage.
You closely miss the adder.
Your tail-slap misses the adder.
The adder is lightly wounded.
The adder closely misses you. The adder completely misses you.
You closely miss the adder.
The adder is lightly wounded.
The adder closely misses you. The adder misses you.
You closely miss the adder.
The adder is lightly wounded.
The adder misses you.
Some of the chunks of flesh in your inventory have rotted away.
You completely miss the adder.
The adder is lightly wounded.
The adder bites you but does no damage. x2
You barely miss the adder.
The adder is lightly wounded.
The adder closely misses you.
You miss the adder.
The adder is lightly wounded.
The adder bites you. x2
You take 3 damage.
You miss the adder.
Your tail-slap misses the adder.
The adder is lightly wounded.
The adder bites you but does no damage. The adder closely misses you.
You closely miss the adder.
Your tail-slap misses the adder.
The adder is lightly wounded.
The adder bites you but does no damage.
You closely miss the adder.
The adder is lightly wounded.
The adder misses you. The adder closely misses you.
You miss the adder.
Your tail-slap misses the adder.
The adder is lightly wounded.
The adder bites you but does no damage. The adder misses you.
You miss the adder.
Your tail-slap misses the adder.
The adder is lightly wounded.
The adder closely misses you.
You closely miss the adder.
The adder is lightly wounded.
The adder bites you but does no damage. x2
You miss the adder.
The adder is lightly wounded.
The adder bites you but does no damage. x2
You barely miss the adder. You tail-slap the adder.
The adder is heavily wounded.
The adder bites you but does no damage.
You closely miss the adder.
Your tail-slap misses the adder.
The adder is heavily wounded.
The adder barely misses you. The adder bites you.
You take 4 damage.
You closely miss the adder.
The adder is heavily wounded.
The adder bites you but does no damage. x2
You barely miss the adder.
The adder is heavily wounded.
The adder bites you.
You are poisoned.
The adder poisons you!
You take 3 damage.
You hit the adder.
The adder is almost dead.
You feel sick. The adder bites you but does no damage. The adder misses you.
You take 1 damage.
You barely miss the adder.
The adder is almost dead.
You feel sick. The adder misses you. x2
You take 1 damage.
You barely miss the adder.
The adder is almost dead.
The adder bites you.
You take 2 damage.
You hit the adder but do no damage.
The adder is almost dead.
You feel sick. The adder bites you but does no damage. The adder bites you.
You take 4 damage.
You barely miss the adder.
The adder is almost dead.
The adder barely misses you. The adder closely misses you.
You completely miss the adder. You tail-slap the adder.
You kill the adder!
You feel sick.
You take 1 damage.
You start resting.
You feel sick. x3
You are no longer poisoned.
You take 2 damage.
You start resting.
Some of the chunks of flesh in your inventory have rotted away.
Eating one of 9 chunks of flesh.
You eat one of the 9 chunks of flesh.
This raw flesh tastes terrible.
All of the chunks of flesh in your inventory have rotted away.
Xom is getting BORED.
As you read the scroll of enchant armour, it crumbles to dust.
Your +1 hat glows green for a moment.
As you read the scroll labeled DANNON FION, it crumbles to dust.
You feel aware of your surroundings.
It was a scroll of magic mapping.
Xom is getting BORED.
Found 25 gold pieces.
A ball python comes into view.
The ball python hisses angrily.
The ball python bites you. The ball python barely misses you.
Found a scroll labeled ETUXKO EGUHET.
You take 1 damage.
You closely miss the ball python.
Your tail-slap misses the ball python.
The ball python closely misses you. The ball python grabs you.
The ball python constricts you.
The ball python bites you but does no damage.
The ball python constricts you.
You sock the ball python!
You kill the ball python!
You see here a ball python corpse.
You butcher the ball python corpse.
p - 4 chunks of flesh You see here a ball python skeleton.
You are now a BORING thing.
You now have 159 gold pieces (gained 25).
There are no items here.
q - a scroll labeled ETUXKO EGUHET
Found a stone staircase leading down.
A kobold comes into view. It is wielding a +0 dagger.
The helpless kobold fails to defend itself.
You hit the kobold.
You kill the kobold!
Things that are here:
a +0 dagger; a kobold corpse Xom makes a sudden noise!
You hear snatches of song.
You are now a toy of Xom.
Found a stone staircase leading up.
There is a stone staircase leading up here.
There is a stone staircase leading up here.
There is a stone staircase leading down here.
You see here a ball python skeleton.
You open the door.
There is an open door here.
There is an open door here.
Eating one of 4 chunks of flesh.
You eat one of the 4 chunks of flesh.
This raw flesh tastes terrible.
Items here: )) [[[ a +0 leather armour; a +0 war axe; a cursed +0 chain mail; a +0 short sword a +0 leather armour
f - 3 rations {!d} (gained 1)
You see here a hunting sling.
You now have 173 gold pieces (gained 14).
Xom's attention almost turns to you for a moment.
You smell decay.
You see here a hunting sling.
Found 91 stones.
Found a stone staircase leading down.
j - 443 stones (gained 91)
Found 51 poisoned needles.
You see here 51 poisoned needles.
All of the chunks of flesh in your inventory have rotted away.
You open the door.
There is an open door here.
There is an open door here.
Found a scroll of identify.
Found a stone staircase leading up.
p - a scroll of identify
As you read the scroll of identify, it crumbles to dust.
o - 2 potions of curing
There is a stone staircase leading down here.
You climb downwards.
A quokka skeleton comes into view.
Found 247 stones and 5 gold pieces.
There is a stone staircase leading up here.
You see here 247 stones.
The helpless quokka skeleton fails to defend itself.
You sock the quokka skeleton!
You destroy the quokka skeleton!
j - 690 stones (gained 247)
There is a stone staircase leading up here.
You now have 178 gold pieces (gained 5).
Found a stone staircase leading up.
Found a stone staircase leading down.
Found a stone staircase leading down.
An orc comes into view.
It is wielding a +0 flail of protection.
Found a hide-covered altar of Uskayaw.
The orc shouts!
You hear a shout!
You hear an angry hiss.
An orc and an orc priest come into view.
The orc priest shouts!
The orc hits you with a +0 flail of protection.
An adder comes into view.
The orc moves out of view.
You take 6 damage.
You closely miss the orc. The orc hits you but does no damage.
The orc priest mumbles some strange prayers to Beogh against you.
Beogh smites you!
You hear a shout!
You take 11 damage.
You hear a shout!
An ice beast comes into view.
The orc priest invokes the aid of Beogh against you.
Beogh smites you!
You hear a shout!
You take 11 damage.
Xom's attention turns to you for a moment.
You hear the chiming of a distant gong.
The orc priest calls down the wrath of Beogh upon you.
Beogh smites you!
You die...
Xom chortles!

### #.. #.# ################
#.# #.......#......######
#.#####
#.#####.#.###.......####.##...
#.#####.#.###..#..o.....o.....
#.##.............##.###.###.##
#.##.##.#.###@.####.# #^# #.##
#.##.##.#.###..o....# #.# #o##
##>......#......###### #.#
#... #....>...######## #.#
#### #..##..#.# #.. #..##..#.#
##. #..#...#. . #..#.#.#
#..#.#.#.#


You could see an orc priest and an orc.

Vanquished Creatures
  2 adders (D:3)
  5 worms
  A dart slug (D:1)
  A leopard gecko (D:2)
  6 orcs (D:3)
  4 ball pythons
  5 giant cockroaches
  5 hobgoblins
  5 jackals
  12 bats
  2 frilled lizards (D:1)
  7 goblins
  8 kobolds
  A quokka skeleton (D:4)
  5 rats
69 creatures vanquished.

Notes
Turn   | Place    | Note
-------+----------+-------------------------------------------
     0 | D:1      | Raine357 the Draconian Archaeologist began the quest for
                  | the Orb.
     0 | D:1      | Reached XP level 1. HP: 16/16 MP: 1/1
   132 | D:1      | Reached XP level 2. HP: 24/24 MP: 2/2
   870 | D:2      | Reached XP level 3. HP: 20/30 MP: 3/3
  1294 | D:2      | Reached skill level 1 in Bows
  1329 | D:2      | Found a faded altar of an unknown god.
  1332 | D:2      | Became a worshipper of Xom of Chaos
  1409 | D:2      | XOM: divination: detect creatures
  1739 | D:2      | XOM: harmless Summ miscast
  2003 | D:2      | XOM is BORED!
  2003 | D:2      | XOM: medium Tmut miscast
  2297 | D:3      | Reached XP level 4. HP: 17/38 MP: 4/4
  2346 | D:3      | XOM: god gift: scroll labeled SODWAQ RABOUNA {god gift}
  2804 | D:3      | Noticed Grinder
  3097 | D:3      | XOM is BORED!
  3097 | D:3      | XOM: noise
  3270 | D:3      | XOM: harmless Necr miscast
  3408 | D:4      | Found a hide-covered altar of Uskayaw.
  3416 | D:4      | Noticed an ice beast
  3437 | D:4      | XOM: mild Chrm miscast
  3439 | D:4      | Killed from afar by an orc priest

Skill      XL: |  1  2  3  4 |
---------------+-------------+-----
Fighting       | 2 3 |  3.0
Maces & Flails | 2 |  2.9
Bows           | 1 2 |  2.8
Dodging        | |  2.6
Stealth        | |  3.0

Action                   |  1- 3 |  4- 6 || total
-------------------------+-------+-------++-------
Melee: Whip              |   227 |       ||   227
       Tailslap          |    25 |     7 ||    32
       Flail             |    12 |   100 ||   112
Throw: Stone             |     7 |       ||     7
  Use: Scroll            |     2 |     4 ||     6
 Stab: Sleeping          |     5 |     4 ||     9
  Eat: Chunk             |     3 |     2 ||     5
       Ration            |     1 |       ||     1
Armor: Skin              |    78 |    47 ||   125
Dodge: Dodged            |   138 |    66 ||   204

Table legend:
 A = Turns spent in this place as a percentage of turns spent in the entire game.
 B = Non-inter-level travel turns spent in this place as a percentage of non-inter-level travel turns spent in the entire game.
 C = Inter-level travel turns spent in this place as a percentage of turns spent in this place.
 D = Turns resting spent in this place as a percentage of non-inter-level travel turns spent in this place.
 E = Turns spent auto-exploring this place as a percentage of non-inter-level travel turns spent in this place.
 F = Non-inter-level travel turns spent in this place divided by the number of levels of this place that you've seen.
                   A       B       C       D       E      F
               +-------+-------+-------+-------+-------+----------------------
         Total | 100.0 | 100.0 |   1.9 |  16.2 |  55.5 | 843.2
       Dungeon | 100.0 | 100.0 |   1.9 |  16.2 |  55.5 | 843.2
               +-------+-------+-------+-------+-------+----------------------

Table legend:
 A = Kills in this place as a percentage of kills in entire the game.
 B = Kills by you in this place as a percentage of kills by you in the entire game.
 C = Kills by friends in this place as a percentage of kills by friends in the entire game.
 D = Other kills in this place as a percentage of other kills in the entire game.
 E = Experience gained in this place as a percentage of experience gained in the entire game.
 F = Experience gained in this place divided by the number of levels of this place that you have seen.
                   A       B       C       D       E      F
               +-------+-------+-------+-------+-------+----------------------
         Total | 100.0 | 100.0 |   N/A |   N/A | 100.0 |  40.8
       Dungeon | 100.0 | 100.0 |   N/A |   N/A | 100.0 |  40.8
               +-------+-------+-------+-------+-------+----------------------
